PCL
ALBUQUERQUE ISOTOPES @ NASHVILLE SOUNDS
08/13/2099
 
TOP OF THE 1ST
Albuquerque Isotopes batting - Pitching for Nashville Sounds : RHP Victor Zaragoza
Pitching: RHP Victor Zaragoza
Batting: RHB Javy Sanchez 0-0: Ball
1-0: Called Strike
1-1: Foul Ball, location: 7LSFF
1-2: Foul Ball, location: 25F
1-2: Ball
2-2: Fly out, F8 (Line Drive, 8LD, EV 105.0 MPH)
Batting: RHB Hugo Sanchez 0-0: Ball
1-0: Swinging Strike
1-1: Ground out 4-3 (Groundball, 4, EV 88.8 MPH)
Batting: LHB Gerardo de Leon 0-0: Called Strike
0-1: Ball
1-1: Ball
2-1: DOUBLE (Flyball, 7LD, EV 105.6 MPH)
Batting: SHB Jon Coverly 0-0: Ball
1-0: Foul Ball, location: 23F
1-1: Ball
2-1: Swinging Strike
2-2: SINGLE (Groundball, 34D, EV 106.3 MPH)
Gerardo de Leon to third
Runner from 3rd tries for Home, SAFE, throw by RF to home
Batting: RHB T.J. Krakowski 0-0: Foul Ball, location: 2F
0-1: 2-RUN HOME RUN (Flyball, 78XD, EV 95.6 MPH), Distance : 381 ft
Batting: LHB Roberto Velasco 0-0: Called Strike
0-1: Ball
1-1: Foul Ball, location: 9LMFF
1-2: Ball
2-2: Ball
3-2: Base on Balls
Batting: RHB Hector Gonzales 0-0: Foul Ball, location: 9LDF
0-1: Ball
1-1: Foul Ball, location: 9LDF
1-2: Strikes out swinging
Top of the 1st over - 3 runs, 3 hits, 0 errors, 1 left on base; Albuquerque 3 - Nashville 0
BOTTOM OF THE 1ST
Nashville Sounds batting - Pitching for Albuquerque Isotopes : LHP Tim Cockfield
Pitching: LHP Tim Cockfield
Batting: LHB Chris West 0-0: Called Strike
0-1: Ball
1-1: Foul Ball, location: 2F
1-2: Ball
2-2: Foul Ball, location: 9LDF
2-2: Ball
3-2: Strikes out looking
Batting: RHB Mike Gohring 0-0: Ball
1-0: Foul Ball, location: 2F
1-1: Foul Ball, location: 2F
1-2: DOUBLE (Flyball, 8RXD, EV 100.0 MPH)
Batting: LHB Steve Witmer 0-0: Ball
1-0: Ground out 4-3 (Groundball, 4, EV 90.0 MPH)
Mike Gohring to third
Batting: SHB Danny Jaworski 0-0: Called Strike
0-1: Swinging Strike
0-2: Ball
1-2: Ground out 5-3 (Groundball, 56S, EV 80.6 MPH)
Bottom of the 1st over - 0 runs, 1 hit, 0 errors, 1 left on base; Albuquerque 3 - Nashville 0
TOP OF THE 2ND
Albuquerque Isotopes batting - Pitching for Nashville Sounds : RHP Victor Zaragoza
Batting: SHB Mike Schirmer 0-0: Called Strike
0-1: Foul Ball, location: 2F
0-2: Ball
1-2: Ball
2-2: Foul Ball, location: 25F
2-2: Fly out, F8 (Flyball, 78M, EV 94.4 MPH)
Batting: RHB Pedro Chamaua 0-0: Ball
1-0: Ball
2-0: Fly out, F9 (Flyball, 9LS, EV 81.3 MPH)
Batting: RHB Javy Sanchez 0-0: Ball
1-0: Ball
2-0: Ball
3-0: Called Strike
3-1: Swinging Strike
3-2: Base on Balls
Batting: RHB Hugo Sanchez 0-0: Ball
1-0: Foul Ball, location: 23F
1-1: Ball
2-1: Swinging Strike
2-2: Foul Ball, location: 2F
2-2: Ball
3-2: SINGLE (Line Drive, 34, EV 104.4 MPH)
Javy Sanchez to second
Javy Sanchez to third
Batting: LHB Gerardo de Leon 0-0: Swinging Strike
0-1: Ball
1-1: Ball
2-1: Fly out, F9 (Line Drive, 89M, EV 101.9 MPH)
Top of the 2nd over - 0 runs, 1 hit, 0 errors, 2 left on base; Albuquerque 3 - Nashville 0
BOTTOM OF THE 2ND
Nashville Sounds batting - Pitching for Albuquerque Isotopes : LHP Tim Cockfield
Batting: LHB Billy Stengel 0-0: Ball
1-0: DOUBLE (Line Drive, 7LM, EV 107.5 MPH)
Batting: SHB John Gilley 0-0: Ball
1-0: Ball
2-0: Called Strike
2-1: SINGLE (Line Drive, 7S, EV 111.3 MPH)
Billy Stengel to third
Batting: RHB Parker Sanburn Jr. 0-0: Grounds into double play, 6-4-3 (Groundball, 6, EV 88.1 MPH)
Batting: SHB Aaron Champion 0-0: Called Strike
0-1: Foul Ball, location: 23FF
0-2: Ball
1-2: Strikes out swinging
Bottom of the 2nd over - 0 runs, 2 hits, 0 errors, 1 left on base; Albuquerque 3 - Nashville 0
TOP OF THE 3RD
Albuquerque Isotopes batting - Pitching for Nashville Sounds : RHP Victor Zaragoza
Batting: SHB Jon Coverly 0-0: Called Strike
0-1: Foul Ball, location: 2F
0-2: Foul Ball, location: 3F
0-2: Ground out U3 (Groundball, 34D, EV 105.6 MPH)
Batting: RHB T.J. Krakowski 0-0: SOLO HOME RUN (Flyball, 9D, EV 95.0 MPH), Distance : 357 ft
Batting: LHB Roberto Velasco 0-0: Ground out 4-3 (Groundball, 4, EV 103.8 MPH)
Batting: RHB Hector Gonzales 0-0: Ball
1-0: Ball
2-0: Called Strike
2-1: Ball
3-1: Base on Balls
Batting: SHB Mike Schirmer 0-0: Called Strike
Hector Gonzales steals 2nd base
0-1: Ball
1-1: Ball
2-1: Foul Ball, location: 2F
2-2: Ball
3-2: Fly out, F8 (Flyball, 8LXD, EV 107.5 MPH)
Top of the 3rd over - 1 run, 1 hit, 0 errors, 1 left on base; Albuquerque 4 - Nashville 0
BOTTOM OF THE 3RD
Nashville Sounds batting - Pitching for Albuquerque Isotopes : LHP Tim Cockfield
Batting: RHB Chris Bell 0-0: Ball
1-0: Ball
2-0: Ground out 6-3 (Groundball, 56D, EV 105.6 MPH)
Pitching: LHP Adam Sager
Batting: LHB Chris West 0-0: Called Strike
0-1: Called Strike
0-2: Fly out, F6 (Line Drive, 6, EV 65.6 MPH)
Batting: RHB Mike Gohring 0-0: Fly out, F8 (Flyball, 8LD, EV 105.0 MPH)
Bottom of the 3rd over - 0 runs, 0 hits, 0 errors, 0 left on base; Albuquerque 4 - Nashville 0
TOP OF THE 4TH
Albuquerque Isotopes batting - Pitching for Nashville Sounds : RHP Victor Zaragoza
Batting: RHB Pedro Chamaua 0-0: Called Strike
0-1: Ball
1-1: Ball
2-1: Ball
3-1: Fly out, F9 (Flyball, 9, EV 78.1 MPH)
Batting: RHB Javy Sanchez 0-0: Foul Ball, location: 3F
0-1: Called Strike
0-2: Strikes out looking
Batting: RHB Hugo Sanchez 0-0: Called Strike
0-1: Ball
1-1: Foul Ball, location: 2F
1-2: Strikes out looking
Top of the 4th over - 0 runs, 0 hits, 0 errors, 0 left on base; Albuquerque 4 - Nashville 0
BOTTOM OF THE 4TH
Nashville Sounds batting - Pitching for Albuquerque Isotopes : LHP Adam Sager
Batting: LHB Steve Witmer 0-0: Called Strike
0-1: Ball
1-1: Fly out, F7 (Flyball, 7, EV 90.0 MPH)
Batting: SHB Danny Jaworski 0-0: Foul Ball, location: 23F
0-1: Foul Ball, location: 5DF
0-2: Foul Ball, location: 2F
0-2: Ground out 5-3 (Groundball, 56S, EV 73.1 MPH)
Batting: LHB Billy Stengel 0-0: Called Strike
0-1: Ball
1-1: Called Strike
1-2: Ball
2-2: Ball
3-2: Strikes out swinging
Bottom of the 4th over - 0 runs, 0 hits, 0 errors, 0 left on base; Albuquerque 4 - Nashville 0
TOP OF THE 5TH
Albuquerque Isotopes batting - Pitching for Nashville Sounds : RHP Victor Zaragoza
Batting: LHB Gerardo de Leon 0-0: Ball
1-0: Swinging Strike
1-1: Swinging Strike
1-2: Strikes out swinging
Batting: SHB Jon Coverly 0-0: Called Strike
0-1: Ball
1-1: Ball
2-1: Foul Ball, location: 7LDF
2-2: Ball
3-2: Base on Balls
Batting: RHB T.J. Krakowski 0-0: Ball
1-0: Ball
2-0: Called Strike
2-1: Called Strike
2-2: Ball
3-2: Foul Ball, location: 25F
3-2: Base on Balls
Jon Coverly to second
Batting: LHB Roberto Velasco 0-0: Ball
1-0: Swinging Strike
1-1: Called Strike
1-2: Ball
2-2: Ball
3-2: Foul Ball, location: 3DF
3-2: Base on Balls
Jon Coverly to third
T.J. Krakowski to second
Batting: RHB Hector Gonzales 0-0: Ball
1-0: Foul Ball, location: 2F
1-1: Ball
2-1: Foul Ball, location: 3F
2-2: Fly out, F8 (Line Drive, 8RD, EV 103.1 MPH)
Runner from 3rd tags up, SCORES, throw by CF
Pitching: RHP Mike Leingang
Batting: SHB Mike Schirmer 0-0: Ball
1-0: Foul Ball, location: 7LSF
1-1: Called Strike
1-2: Strikes out swinging
Top of the 5th over - 1 run, 0 hits, 0 errors, 2 left on base; Albuquerque 5 - Nashville 0
BOTTOM OF THE 5TH
Nashville Sounds batting - Pitching for Albuquerque Isotopes : LHP Adam Sager
Batting: SHB John Gilley 0-0: Called Strike
0-1: Fly out, F9 (Flyball, 9D, EV 105.6 MPH)
Batting: RHB Parker Sanburn Jr. 0-0: Ball
1-0: SINGLE (Groundball, 6MD, EV 95.0 MPH)
Batting: SHB Aaron Champion 0-0: Ball
1-0: Ball
2-0: Foul Ball, location: 2F
2-1: SINGLE (Line Drive, 9S, EV 95.6 MPH)
Parker Sanburn Jr. to second
Batting: RHB Chris Bell 0-0: Called Strike
0-1: Ball
1-1: Foul Ball, location: 9LDF
1-2: Ball
2-2: Foul Ball, location: 9LDF
2-2: Grounds into double play, 4-6-3 (Groundball, 4MS, EV 94.4 MPH)
Bottom of the 5th over - 0 runs, 2 hits, 0 errors, 1 left on base; Albuquerque 5 - Nashville 0
TOP OF THE 6TH
Albuquerque Isotopes batting - Pitching for Nashville Sounds : RHP Mike Leingang
Batting: RHB Pedro Chamaua 0-0: Called Strike
0-1: Ball
1-1: Fly out, F9 (Flyball, 9D, EV 104.4 MPH)
Batting: RHB Javy Sanchez 0-0: Ball
1-0: Ball
2-0: Ball
3-0: Called Strike
3-1: Foul Ball, location: 2F
3-2: Foul Ball, location: 9LMF
3-2: Foul Ball, location: 7LMFF
3-2: SINGLE (Line Drive, 8LS, EV 103.1 MPH)
Batting: RHB Hugo Sanchez 0-0: Called Strike
0-1: Ball
1-1: Grounds into double play, 5-4-3 (Groundball, 15, EV 86.9 MPH)
Top of the 6th over - 0 runs, 1 hit, 0 errors, 0 left on base; Albuquerque 5 - Nashville 0
BOTTOM OF THE 6TH
Nashville Sounds batting - Pitching for Albuquerque Isotopes : LHP Adam Sager
Batting: LHB Chris West 0-0: Foul Ball, location: 5F
0-1: Foul Ball, location: 7LDF
0-2: Ball
1-2: Foul Ball, location: 2F
1-2: Foul Ball, location: 9LMF
1-2: Foul Ball, location: 9LSF
1-2: Ball
2-2: Ball
3-2: Fly out, F6 (Popup, 15S, EV 94.4 MPH)
Batting: RHB Mike Gohring 0-0: Foul Ball, location: 9LSF
0-1: Ground out 5-3 (Groundball, 56, EV 93.8 MPH)
Batting: LHB Steve Witmer 0-0: Ball
1-0: Foul Ball, location: 3F
1-1: Ball
2-1: Foul Ball, location: 7LMF
2-2: Hit by Pitch
Batting: SHB Danny Jaworski 0-0: Called Strike
0-1: Ball
1-1: DOUBLE (Flyball, 8RXD, EV 99.4 MPH)
Steve Witmer to third
Batting: LHB Billy Stengel 0-0: Called Strike
0-1: Ball
1-1: Called Strike
1-2: Foul Ball, location: 7LDF
1-2: Ball
2-2: Foul Ball, location: 2F
2-2: Ground out U3 (Groundball, 34, EV 78.8 MPH)
Bottom of the 6th over - 0 runs, 1 hit, 0 errors, 2 left on base; Albuquerque 5 - Nashville 0
TOP OF THE 7TH
Albuquerque Isotopes batting - Pitching for Nashville Sounds : RHP Mike Leingang
Batting: LHB Gerardo de Leon 0-0: Called Strike
0-1: Foul Ball, location: 9LSF
0-2: Ball
1-2: Ball
2-2: Ball
3-2: Foul Ball, location: 2F
3-2: Ground out 6-3 (Groundball, 6M, EV 93.1 MPH)
Batting: SHB Jon Coverly 0-0: Ball
1-0: Ball
2-0: Called Strike
2-1: Ball
3-1: Swinging Strike
3-2: Foul Ball, location: 7LMF
3-2: SINGLE (Line Drive, 6D, EV 96.3 MPH)
Batting: RHB T.J. Krakowski 0-0: Ball
1-0: Ball
2-0: Ball
3-0: Base on Balls
Jon Coverly to second
Batting: LHB Roberto Velasco 0-0: Fielders Choice at 2nd, 6-4 (Groundball, 6, EV 80.6 MPH)
Jon Coverly to third
Batting: RHB Hector Gonzales 0-0: Fielders Choice at 2nd, 6-4 (Groundball, 6, EV 104.4 MPH)
Top of the 7th over - 0 runs, 1 hit, 0 errors, 2 left on base; Albuquerque 5 - Nashville 0
BOTTOM OF THE 7TH
Nashville Sounds batting - Pitching for Albuquerque Isotopes : LHP Adam Sager
Batting: SHB John Gilley 0-0: Ball
1-0: Ball
2-0: Ball
3-0: Called Strike
3-1: Fly out, F7 (Flyball, 7S, EV 80.6 MPH)
Batting: RHB Parker Sanburn Jr. 0-0: Ball
1-0: Ball
2-0: Ground out 6-3 (Groundball, 6S, EV 88.1 MPH)
Batting: SHB Aaron Champion 0-0: Ball
1-0: Called Strike
1-1: Ball
2-1: Called Strike
2-2: Reached on error, E6 (Groundball, P, EV 87.5 MPH)
Pitching: RHP Benny Scanlon
Batting: RHB Chris Bell 0-0: Ball
1-0: Ball
2-0: Ball
3-0: Base on Balls
Aaron Champion to second
Batting: LHB Chris West 0-0: Foul Ball, location: 2F
0-1: Swinging Strike
0-2: Ground out 1-3 (Groundball, 15, EV 62.5 MPH)
Bottom of the 7th over - 0 runs, 0 hits, 1 error, 2 left on base; Albuquerque 5 - Nashville 0
TOP OF THE 8TH
Albuquerque Isotopes batting - Pitching for Nashville Sounds : RHP Mike Leingang
Batting: SHB Mike Schirmer 0-0: Fly out, F7 (Flyball, 7, EV 91.3 MPH)
Batting: RHB Pedro Chamaua 0-0: Ball
1-0: Fly out, F9 (Flyball, 9S, EV 76.3 MPH)
Batting: RHB Javy Sanchez 0-0: DOUBLE (Line Drive, 7LM, EV 108.8 MPH)
Batting: RHB Hugo Sanchez 0-0: Foul Ball, location: 25F
0-1: Ball
1-1: Ball
2-1: Swinging Strike
2-2: Foul Ball, location: 25FF
2-2: Fly out, F9 (Flyball, 89S, EV 81.9 MPH)
Top of the 8th over - 0 runs, 1 hit, 0 errors, 1 left on base; Albuquerque 5 - Nashville 0
BOTTOM OF THE 8TH
Nashville Sounds batting - Pitching for Albuquerque Isotopes : RHP Benny Scanlon
Batting: RHB Mike Gohring 0-0: Ball
1-0: Ball
2-0: Ball
3-0: Base on Balls
Batting: LHB Steve Witmer 0-0: Called Strike
0-1: Called Strike
0-2: Grounds into double play, 6-4-3 (Groundball, 6, EV 85.0 MPH)
Batting: SHB Danny Jaworski 0-0: Ball
1-0: Foul Ball, location: 7LDF
1-1: Called Strike
1-2: Ball
2-2: Foul Ball, location: 25F
2-2: Foul Ball, location: 25FF
2-2: Ball
3-2: Fly out, F9 (Flyball, 89S, EV 93.1 MPH)
Bottom of the 8th over - 0 runs, 0 hits, 0 errors, 0 left on base; Albuquerque 5 - Nashville 0
TOP OF THE 9TH
Albuquerque Isotopes batting - Pitching for Nashville Sounds : RHP Mike Leingang
Batting: LHB Gerardo de Leon 0-0: Ground out 4-3 (Groundball, 34, EV 88.8 MPH)
Batting: SHB Jon Coverly 0-0: Ball
1-0: Fly out, F9 (Line Drive, 9S, EV 88.8 MPH)
Batting: RHB T.J. Krakowski 0-0: Ball
1-0: Ball
2-0: Ball
3-0: Called Strike
3-1: Base on Balls
Pitching: RHP Luke Stevenson
Batting: LHB Roberto Velasco 0-0: Called Strike
0-1: Foul Ball, location: 2F
0-2: Ball
1-2: SINGLE (Groundball, 6MD, EV 98.8 MPH)
T.J. Krakowski to second
Batting: RHB Hector Gonzales 0-0: Foul Ball, location: 5DF
0-1: Ball
1-1: Ball
2-1: Foul Ball, location: 9LDF
2-2: Foul Ball, location: 2F
2-2: SINGLE (Line Drive, 6M, EV 106.3 MPH)
T.J. Krakowski to third
Roberto Velasco to second
Runner from 3rd tries for Home, SAFE, throw by CF to home
Roberto Velasco to third
Hector Gonzales to second
Batting: SHB Mike Schirmer 0-0: Called Strike
0-1: Swinging Strike
0-2: Fly out, F8 (Flyball, 8RD, EV 92.5 MPH)
Top of the 9th over - 1 run, 2 hits, 0 errors, 2 left on base; Albuquerque 6 - Nashville 0
BOTTOM OF THE 9TH
Nashville Sounds batting - Pitching for Albuquerque Isotopes : RHP Benny Scanlon
Batting: LHB Billy Stengel 0-0: Swinging Strike
0-1: Ball
1-1: Called Strike
1-2: Strikes out swinging
Batting: SHB John Gilley 0-0: Called Strike
0-1: Ball
1-1: Foul Ball, location: 2F
1-2: Ball
2-2: Ball
3-2: Fly out, F5 (Popup, 5SF, EV 70.0 MPH)
Batting: RHB Parker Sanburn Jr. 0-0: Ball
1-0: Called Strike
1-1: Called Strike
1-2: Strikes out swinging
Bottom of the 9th over - 0 runs, 0 hits, 0 errors, 0 left on base; Albuquerque 6 - Nashville 0
Tuesday, May 14th , 2024 - OOTP Baseball 24.11 Build 85